 Dungeon Crawl Stone Soup version 0.27.1-33-g824d729ab1 (webtiles) character file.

Game seed: 11199910251498915544

695 sking99 the Ruffian (level 7, -9/71 HPs)
             Began as a Troll Monk on Dec 9, 2021.
             Was a Follower of Cheibriados.
             Mangled by a two-headed ogre (10 damage)
             ... on level 5 of the Dungeon.
             The game lasted 00:08:59 (4073 turns).

sking99 the Ruffian (Troll Monk)                    Turns: 4073, Time: 00:09:01

Health: -9/71      AC:  5    Str: 25    XL:     7   Next: 37%
Magic:  3/6        EV: 11    Int:  9    God:    Cheibriados [*.....]
Gold:   199        SH:  0    Dex: 21    Spells: 6/6 levels left

rFire    . . .     SeeInvis +     - Unarmed
rCold    . . .     Faith    .   (no shield)
rNeg     . . .     Spirit   .   a - +1 robe
rPois    .         Reflect  .   (helmet restricted)
rElec    .         Harm     .   (no cloak)
rCorr    .         Rampage  .   (gloves unavailable)
Will     .....                  (boots unavailable)
Stlth    ++........             (no amulet)
HPRegen  1.21/turn              f - ring of see invisible
MPRegen  0.10/turn              g - +6 ring of dexterity

@: very slow
A: large, unfitting armour, claws 3, regeneration 1, shaggy fur 1, tough skin 1
a: Renounce Religion, Bend Time


You were on level 5 of the Dungeon.
You worshipped Cheibriados.
Cheibriados was aware of your devotion.
You visited 2 branches of the dungeon, and saw 6 of its levels.

You collected 199 gold pieces.

Inventory:

Missiles
 d - 6 large rocks (quivered)
Armour
 a - a +1 robe (worn)
Jewellery
 f - a ring of see invisible (left claw)
 g - a +6 ring of dexterity (right claw)
Scrolls
 b - 2 scrolls of teleportation
 c - 2 scrolls of identify
Potions
 e - a potion of haste {unknown}
 h - a potion of mutation {unknown}
 i - 2 potions of heal wounds
 j - a potion of curing {unknown}
 k - 2 potions of magic
 l - 2 potions of attraction {unknown}
 m - 2 potions of cancellation
 n - a potion of flight {unknown}


   Skills:
 + Level 4.4 Fighting
 + Level 2.8 Dodging
 - Level 1.0 Stealth
 * Level 7.1 Unarmed Combat


You had 6 spell levels left.
You didn't know any spells.
Your spell library contained the following spells:

 Spells                   Type           Power      Damage    Failure   Level
 Beastly Appendage        Tmut           0%         N/A       38%         1
 Wereblood                Tmut           0%         N/A       52%         2
 Spider Form              Tmut/Pois      0%         N/A       77%         3


Dungeon Overview and Level Annotations

Branches:
Dungeon (5/15)             Temple (1/1) D:5

Altars:
Ashenzari
Cheibriados
Dithmenos
Elyvilon
Fedhas
Makhleb
Nemelex Xobeh
Okawaru
Qazlal
Ru
Sif Muna
Trog
Uskayaw
Vehumet
Zin
The Shining One

Shops:
D:3 *

Annotations:
D:4 2 runed translucent doors, IHuginn's ghost, amateur GnWn
D:5 1 runed translucent door, Crazy Yiuf; Edmund; Eustachio; Sigmund


Innate Abilities, Weirdness & Mutations

You are too large for most types of armour.
You have claws for hands.
Your natural rate of healing is unusually fast.
You are covered in fur. (AC +1)
You have tough skin. (AC +1)


Message History

What are your orders? t - Shout!
Orders for allies: a - Attack new target. r - Retreat! s - Stop attacking. g - Guard the area. f - Follow me.
Anything else - Cancel.
You shout for attention!
Sigmund gestures at you while chanting. The puff of flame hits you.
Okay, then.
Edmund the Younger comes into view.
He is wielding a +5 flail of protection.
Sigmund closely misses you.
You claw Sigmund!
Sigmund is heavily wounded.
Edmund hits you with a +5 flail of protection!
Sigmund hits you with a +0 scythe.
You barely miss Sigmund.
Sigmund is heavily wounded.
Edmund hits you with a +5 flail of protection!
Sigmund screams, "Don't try to resist!"
You claw the two-headed ogre!
The two-headed ogre is lightly wounded.
You scratch the two-headed ogre.
The two-headed ogre is moderately wounded.
The two-headed ogre hits you with a +0 giant club!
The two-headed ogre misses you. Sigmund barely misses you.
You scratch the two-headed ogre.
The two-headed ogre is moderately wounded.
The two-headed ogre misses you.
The two-headed ogre hits you with a +0 giant spiked club!
Sigmund hits you from afar with a +0 scythe.
You claw the two-headed ogre!
The two-headed ogre is heavily wounded.
The flow of time bends around you.
The two-headed ogre resists with some effort.
Cheibriados lowers the support of your attributes as your movement quickens.
The two-headed ogre hits you with a +0 giant club!!
* * * LOW HITPOINT WARNING * * *
The two-headed ogre hits you with a +0 giant spiked club!
You die...

#.########..######$.......#
#. #.# ...
#................# #. #.# ..
#.!..............# #. ..#
#.. #..........[....(# #.
..# #.. #..........#######
#.
#...#..........##########.
#...#.########.#.......##.
##
#......#######.#..........
..
#......@O@)....#..........
###
......#..@######.#..........
..
..##..#.#.#.....<.#.###.....
# .
#)..#.#.#.####.#.......... #
##. #.#...####.#####...... #
## #..........#####...... #
#..............#......
###.###
#.....####.....#.##.##
.....PP
#......###.....#.##.#


You could see a two-headed ogre, Edmund and Sigmund.

Vanquished Creatures
  An ogre (D:4)
  A phantom (D:5)
  2 wights (D:5)
  An orc priest (D:3)
  A hound (D:5)
  Jessica (D:2)
  An iguana (D:5)
  4 orc wizards
  A hound skeleton (D:4)
  Robin (D:4)
  6 gnolls
  An adder (D:3)
  A shadow imp (D:5)
  2 ufetubi (D:5)
  A worm (D:2)
  4 dart slugs
  15 orcs
  5 endoplasms
  4 giant cockroaches
  14 goblins
  5 hobgoblins
  7 jackals
  10 kobolds
  3 quokkas
  7 ball pythons
  6 bats
  8 frilled lizards
  4 rats
117 creatures vanquished.

Vanquished Creatures (others)
  10 fungi (D:3)
  4 plants
14 creatures vanquished.

Grand Total: 131 creatures vanquished

Notes
Turn   | Place    | Note
-------+----------+-------------------------------------------
     0 | D:1      | sking99 the Troll Monk began the quest for the Orb.
     0 | D:1      | Reached XP level 1. HP: 22/22 MP: 0/0
   229 | D:1      | Reached XP level 2. HP: 25/29 MP: 1/1
   654 | D:2      | Reached XP level 3. HP: 36/36 MP: 2/2
   922 | D:2      | Reached skill level 4 in Unarmed Combat
  1175 | D:2      | Noticed Jessica
  1183 | D:2      | Killed Jessica
  1184 | D:2      | Reached XP level 4. HP: 45/45 MP: 3/3
  1494 | D:3      | Found a faded altar of an unknown god.
  1551 | D:3      | Found a blossoming altar of Fedhas.
  1772 | D:3      | Reached skill level 5 in Unarmed Combat
  1840 | D:3      | Reached XP level 5. HP: 53/53 MP: 4/4
  1855 | D:3      | Found Immatath's Assorted Antiques.
  2449 | D:4      | You fall into a shaft and drop 1 floor!
  2449 | D:5      | Entered Level 5 of the Dungeon
  2477 | D:5      | Found a runed translucent door.
  2478 | D:5      | Noticed Crazy Yiuf
  2504 | D:5      | Noticed a two-headed ogre
  2819 | D:5      | Noticed Eustachio
  2884 | D:5      | Reached XP level 6. HP: 47/62 MP: 5/5
  2957 | D:4      | Reached skill level 6 in Unarmed Combat
  2994 | D:4      | Noticed a fire elemental
  2995 | D:4      | Found a stormy altar of Qazlal.
  2998 | D:4      | Noticed a water elemental
  2998 | D:4      | Noticed an air elemental
  3127 | D:4      | Noticed Robin
  3138 | D:4      | Killed Robin
  3368 | D:4      | Found a large runed translucent door.
  3368 | D:4      | Found a large runed translucent door.
  3370 | D:4      | Noticed IHuginn's ghost (amateur GnWn)
  3491 | D:5      | Reached XP level 7. HP: 70/70 MP: 6/6
  3572 | D:5      | Reached skill level 7 in Unarmed Combat
  3645 | D:5      | Found a staircase to the Ecumenical Temple.
  3689 | Temple   | Entered the Ecumenical Temple
  3957 | Temple   | Became a worshipper of Cheibriados the Contemplative
  3957 | Temple   | Reached * piety under Cheibriados
  3957 | Temple   | Reached ** piety under Cheibriados
  4036 | D:5      | Noticed Sigmund
  4061 | D:5      | Noticed Edmund
  4073 | D:5      | HP: 1/71 [two-headed ogre (28)]
  4073 | D:5      | Mangled by a two-headed ogre

Illustrated notes

Levels and vault maps discovered:
D:1:      minmay_arrival_stair_chambers, layout_loops_ring, minmay_tetromino_o2
D:2:      minmay_kobold_bridge, layout_loops_corners, uniq_jessica
D:3:      layout_basic, fedhas_altar_3, dreamdust_ecumenical_altar_grove,
          serial_shops, shop_statue
D:4:      layout_basic, nicolae_qazlal_style_of_elements,
          ebering_ghost_disaster_area, uniq_robin
D:5:      layout_basic, temple_pool_b, sigmund_edmund_badplayer, uniq_eustachio,
          uniq_crazy_yiuf_cottage, uniq_sigmund
Temple:   dpeg_chambers_temple

Skill      XL: |  1  2  3  4  5  6  7 |
---------------+----------------------+-----
Unarmed Combat | 4 5 6 7 |  7.1
Fighting       | 3 4 |  4.4
Dodging        | |  2.8
Stealth        | |  1.0

Action                   |  1- 3 |  4- 6 |  7- 9 || total
-------------------------+-------+-------+-------++-------
Melee: Unarmed           |    98 |   172 |    28 ||   298
       Punch             |     2 |     3 |       ||     5
Invok: Bend Time         |       |       |     1 ||     1
  Use: Scroll            |       |     5 |     2 ||     7
 Stab: Sleeping          |     3 |     2 |     3 ||     8
       Distracted        |       |     1 |       ||     1
Armor: Robe              |    32 |    38 |     4 ||    74
Dodge: Dodged            |    47 |    74 |    11 ||   132
